Map: 2000 атмосфер РВ

Players

Life - Winner!

  • Race: Zerg Zerg
  • League: Diamond

Kantara

  • Race: Protoss Protoss
  • League: Diamond

VOD

Have the link to the VOD?

Description

Time

  • Played on: June 29, 2021, 3:43 p.m.
  • Length: 18:22
Show
View Real Time Build Order
Export as new Build Order

Life Zerg - Winner!

Build Orders: Hatch First, Lurkers 

Get SALT Encoding   

  12  0:00  Drone  
  13  0:12  Overlord  
  13  0:16  Drone  
  14  0:30  Drone x2  
  14  0:34  Drone  
  17  0:53  Hatchery, Drone  
  17  0:56  Drone  
  18  1:09  Spawning Pool  
  18  1:10  Extractor  
  16  1:14  Drone  
  16  1:17  Drone  
  18  1:27  Drone  
  19  1:41  Drone  
  19  1:45  Hatchery  
  19  1:56  Queen  
  19  1:58  Zergling x2  
  22  2:05  Queen  
  24  2:12  Overlord  
  24  2:19  Metabolic Boost  
  24  2:21  Drone  
  25  2:25  Drone  
  25  2:28  Drone  
  27  2:31  Drone  
  28  2:38  Queen  
  28  2:41  Drone  
  31  2:47  Drone x2  
  31  2:49  Drone  
  34  2:53  Overlord  
  34  3:04  Drone x3  
  37  3:07  Drone x2  
  37  3:08  Drone  
  37  3:12  Drone x2  
  42  3:13  Drone  
  42  3:18  Drone  
  42  3:19  Drone  
  45  3:20  Extractor  
  45  3:21  Extractor  
  45  3:26  Extractor, Lair  
  42  3:28  Drone  
  42  3:31  Drone  
  42  3:32  Drone  
  45  3:39  Drone x3  
  45  3:40  Drone  
  49  3:42  Drone  
  50  3:51  Overlord x2  
  50  3:59  Baneling Nest  
  49  4:09  Spore Crawler  
  48  4:10  Drone x3  
  48  4:11  Drone  
  48  4:12  Drone x5  
  57  4:26  Hydralisk Den  
  57  4:27  Zergling x2  
  57  4:28  Zergling x12  
  63  4:31  Overseer  
  63  4:47  Drone  
  63  4:48  Drone  
  63  4:50  Baneling x2  
  63  4:51  Baneling x5  
  63  4:52  Baneling  
  65  4:54  Overlord x2  
  65  4:56  Overlord x2  
  65  5:01  Pneumatized Carapace  
  65  5:06  Evolution Chamber  
  64  5:11  Hydralisk x2  
  64  5:12  Hydralisk x6  
  80  5:18  Drone x3  
  83  5:26  Drone  
  83  5:27  Hydralisk x2  
  88  5:37  Zerg Missile Weapons Level 1  
  88  5:40  Hydralisk x2  
  92  5:45  Baneling x2  
  92  5:46  Zergling x10  
  92  5:48  Overlord x4  
  96  5:55  Drone  
  80  6:18  Hydralisk x2  
  80  6:19  Zergling x6, Hydralisk  
  88  6:31  Hydralisk  
  88  6:32  Zergling x16  
  95  6:38  Baneling  
  95  6:39  Baneling x3  
  93  6:43  Muscular Augments  
  93  6:48  Drone x3  
  93  6:50  Queen  
  93  6:52  Extractor  
  93  6:53  Extractor  
  96  6:56  Evolution Chamber  
  96  6:59  Infestation Pit  
  94  7:03  Drone x5  
  94  7:06  Hatchery x2, Drone  
  98  7:11  Drone  
  98  7:12  Drone x2  
  98  7:14  Overseer  
  101  7:25  Drone x5  
  101  7:26  Drone x2  
  108  7:34  Zerg Ground Armor Level 1  
  108  7:36  Hive, Zerg Melee Weapons Level 1  
  108  7:48  Centrifugal Hooks  
  108  7:49  Overseer  
  108  7:54  Overlord x2  
  108  7:55  Overlord x2, Grooved Spines  
  108  7:56  Overlord x2  
  108  7:57  Overlord x2  
  108  8:00  Overlord  
  108  8:24  Lurker Den  
  107  8:27  Queen  
  107  8:29  Drone x14  
  123  8:37  Drone x2  
  123  8:38  Drone x2  
  123  8:39  Queen  
  129  8:42  Spore Crawler  
  129  8:44  Extractor  
  129  8:46  Drone x4  
  129  8:47  Drone x2  
  133  8:49  Spore Crawler  
  133  8:50  Spore Crawler  
  133  8:51  Spore Crawler  
  133  8:52  Spore Crawler, Extractor, Drone x2  
  133  8:53  Drone  
  131  9:00  Drone x2, Spire  
  132  9:10  Spore Crawler, Extractor  
  132  9:11  Extractor  
  132  9:12  Drone x10  
  139  9:21  Spore Crawler  
  139  9:24  Spore Crawler  
  137  9:25  Spore Crawler  
  137  9:31  Drone x7  
  143  9:44  Lurker x11  
  143  9:45  Lurker  
  155  9:46  Adaptive Talons, Overlord  
  155  9:47  Overlord x2, Zerg Missile Weapons Level 2  
  155  9:49  Zerg Ground Armor Level 2  
  155  9:55  Spire  
  154  10:03  Drone x2  
  154  10:04  Drone x2  
  158  10:09  Spore Crawler x3  
  158  10:11  Pathogen Glands  
  158  10:13  Adrenal Glands  
  155  10:16  Zerg Flyer Weapons Level 1  
  155  10:18  Ultralisk Cavern  
  154  10:24  Hydralisk x6  
  166  10:29  Drone x2  
  166  10:30  Drone  
  166  10:35  Drone x3  
  171  10:41  Hatchery  
  171  10:47  Overlord x2  
  171  10:49  Overlord x2  
  171  10:50  Overlord  
  169  11:30  Chitinous Plating, Seismic Spines  
  169  11:33  Zerg Flyer Armor Level 1  
  169  11:44  Zergling x20  
  169  11:45  Zergling x42  
  200  11:54  Spore Crawler x3  
  200  11:55  Spore Crawler  
  196  12:04  Spore Crawler, Drone x4  
  199  12:10  Baneling  
  199  12:11  Baneling x27  
  199  12:17  Spore Crawler  
  198  12:26  Greater Spire  
  198  12:31  Spore Crawler  
  198  12:32  Extractor  
  198  12:34  Extractor  
  195  12:49  Anabolic Synthesis  
  195  12:59  Spore Crawler x2, Zerg Melee Weapons Level 2  
  195  13:00  Spore Crawler  
  195  13:02  Zerg Missile Weapons Level 3  
  164  13:41  Baneling  
  164  13:42  Baneling x9  
  164  13:47  Zergling x4  
  164  13:48  Zergling x32  
  181  13:52  Zerg Flyer Armor Level 2  
  181  13:53  Zerg Flyer Weapons Level 2  
  181  14:10  Baneling x8  
  181  14:11  Queen, Baneling x2  
  181  14:13  Drone x3  
  181  14:15  Drone x3  
  189  14:17  Hatchery  
  189  14:19  Spore Crawler  
  187  14:27  Spore Crawler  
  187  14:29  Spore Crawler  
  187  14:31  Spore Crawler  
  123  15:15  Zerg Ground Armor Level 3  
  123  15:24  Zergling x2  
  123  15:25  Zergling x60  
  123  15:26  Zergling x2  
  139  15:58  Corruptor x4  
  139  15:59  Corruptor x26  
  139  16:02  Zergling x2  
  200  16:04  Zergling x6  
  190  16:29  Hydralisk x2  
  190  16:30  Ultralisk, Extractor, Hydralisk x4  
  190  16:32  Extractor  
  195  16:33  Spore Crawler  
  195  16:34  Zergling x2  
  195  16:35  Zergling x16  
  195  16:46  Baneling  
  195  16:47  Baneling x7  
  193  17:02  Zergling x14  
  193  17:06  Spore Crawler  
  194  17:20  Baneling x4  
  194  17:21  Baneling x14  
  194  17:39  Overlord  
  183  17:54  Zergling x2  
  183  17:55  Zergling x2  
  183  17:56  Zergling x30  
Show
View Real Time Build Order
Export as new Build Order

Kantara Protoss 

Build Orders: 1 Gate Expand, Carriers 

Get SALT Encoding   

  12  0:00  Probe  
  13  0:12  Probe  
  14  0:19  Pylon  
  14  0:25  Probe (Chrono Boost)  
  15  0:38  Probe (Chrono Boost)  
  15  0:39  Gateway  
  16  0:45  Probe (Chrono Boost)  
  16  0:47  Assimilator  
  17  0:52  Probe  
  18  1:05  Probe  
  19  1:17  Probe  
  20  1:24  Nexus  
  20  1:36  Cybernetics Core  
  20  1:39  Probe  
  21  1:43  Assimilator  
  21  1:51  Probe (Chrono Boost)  
  23  2:02  Probe (Chrono Boost)  
  23  2:14  Warp Gate  
  23  2:17  Pylon  
  23  2:30  Shield Battery  
  23  2:32  Stalker (Chrono Boost)  
  23  2:35  Probe (Chrono Boost)  
  26  2:42  Robotics Facility  
  26  2:44  Probe (Chrono Boost)  
  26  2:46  Probe (Chrono Boost)  
  27  2:52  Gateway  
  27  2:55  Sentry  
  27  2:57  Probe  
  27  2:58  Probe  
  31  3:09  Probe (Chrono Boost)  
  33  3:14  Probe (Chrono Boost)  
  34  3:21  Probe (Chrono Boost)  
  34  3:25  Probe (Chrono Boost)  
  35  3:29  Immortal  
  39  3:35  Pylon  
  39  3:42  Gateway  
  39  3:44  Gateway  
  39  3:48  Probe (Chrono Boost)  
  41  3:52  Probe (Chrono Boost)  
  41  4:00  Probe (Chrono Boost)  
  41  4:01  Pylon  
  43  4:03  Probe (Chrono Boost)  
  43  4:05  Sentry x2, Probe (Chrono Boost)  
  43  4:09  Immortal (Chrono Boost)  
  52  4:12  Gateway  
  52  4:18  Gateway  
  52  4:22  Probe  
  52  4:23  Probe  
  54  4:27  Pylon  
  54  4:29  Sentry  
  56  4:35  Probe  
  57  4:44  Gateway, Warp Prism (Chrono Boost)  
  59  4:50  Gateway  
  59  4:53  Sentry, Pylon  
  59  4:55  Probe x2  
  59  4:59  Assimilator  
  63  5:01  Assimilator  
  63  5:07  Probe  
  63  5:08  Pylon  
  63  5:14  Observer  
  65  5:26  Probe x2  
  67  5:29  Pylon  
  67  5:34  Pylon x2  
  67  5:38  Probe  
  68  5:46  Stalker x6  
  80  5:55  Zealot x2  
  84  6:15  Zealot x5  
  84  6:16  Zealot x2  
  74  6:40  Probe x2  
  74  6:43  Twilight Council  
  76  6:52  Probe  
  77  6:56  Robotics Bay  
  77  6:59  Nexus  
  77  7:00  Forge  
  77  7:01  Pylon, Forge  
  77  7:04  Probe (Chrono Boost)  
  79  7:09  Immortal  
  79  7:10  Probe (Chrono Boost)  
  79  7:12  Sentry  
  79  7:13  Sentry  
  87  7:21  Charge  
  87  7:31  Templar Archives, Protoss Ground Weapons Level 1 (Chrono Boost)  
  87  7:32  Probe (Chrono Boost), Protoss Ground Armor Level 1 (Chrono Boost)  
  89  7:38  Probe (Chrono Boost)  
  89  7:42  Assimilator  
  89  7:45  Disruptor (Chrono Boost)  
  89  7:46  Assimilator, Probe (Chrono Boost), Observer  
  89  7:50  Shield Battery  
  93  7:54  Pylon  
  93  7:55  Pylon  
  93  7:58  Probe x2  
  95  8:10  Probe x2  
  97  8:13  Zealot x5  
  97  8:19  Disruptor  
  109  8:23  High Templar  
  109  8:24  High Templar  
  113  8:29  Probe  
  113  8:30  Probe  
  115  8:36  Archon  
  115  8:38  High Templar  
  117  8:43  High Templar  
  117  8:47  Archon  
  119  8:57  Disruptor  
  119  9:00  Nexus  
  119  9:02  Pylon  
  122  9:04  Pylon, Probe x3  
  122  9:08  Assimilator  
  125  9:12  Assimilator  
  125  9:16  Probe x3  
  128  9:22  Pylon, Photon Cannon  
  128  9:25  Photon Cannon  
  128  9:28  Robotics Facility, Photon Cannon, Probe  
  128  9:29  Protoss Ground Weapons Level 2 (Chrono Boost), Protoss Shields Level 1 (Chrono Boost)  
  129  9:38  Zealot x3  
  129  9:45  Photon Cannon  
  135  9:54  Disruptor (Chrono Boost)  
  138  10:10  Photon Cannon  
  138  10:12  High Templar x2, Photon Cannon  
  138  10:13  High Templar  
  144  10:15  Photon Cannon  
  144  10:17  High Templar, Photon Cannon  
  144  10:19  Archon, Psionic Storm  
  146  10:22  Archon  
  146  10:37  Gateway  
  146  10:39  Gateway  
  146  10:40  Gateway  
  146  10:42  Gateway  
  146  10:48  Photon Cannon x2  
  146  10:50  Shield Battery  
  146  10:54  Shield Battery  
  146  10:57  Protoss Air Weapons Level 1 (Chrono Boost)  
  146  11:04  Disruptor x2 (Chrono Boost)  
  152  11:16  Stargate  
  152  11:17  Stargate  
  152  11:20  Stargate  
  152  11:23  Stargate  
  150  11:29  High Templar  
  150  11:31  High Templar  
  154  11:36  Archon  
  154  11:38  Zealot x7  
  154  11:39  Zealot x3  
  172  12:15  Protoss Ground Armor Level 2 (Chrono Boost)  
  172  12:22  Fleet Beacon  
  172  12:33  Zealot x6  
  172  12:34  Zealot x2  
  188  12:40  Pylon x2  
  188  12:41  Pylon x2  
  188  12:47  Dark Shrine  
  188  12:50  Cybernetics Core  
  188  13:02  Protoss Air Armor Level 1 (Chrono Boost)  
  188  13:12  Zealot x2  
  188  13:13  Zealot x3  
  188  13:14  Zealot x3  
  159  13:40  Disruptor  
  126  13:43  Observer  
  133  13:52  Carrier x2 (Chrono Boost)  
  133  14:05  Observer  
  134  14:15  Disruptor  
  134  14:16  High Templar  
  139  14:18  High Templar x2  
  139  14:19  High Templar  
  139  14:24  Carrier (Chrono Boost)  
  145  14:26  Observer  
  158  14:32  Carrier (Chrono Boost)  
  157  14:45  Dark Templar  
  157  14:46  Dark Templar  
  157  14:51  Disruptor  
  88  15:12  Carrier x2 (Chrono Boost)  
  63  15:17  Carrier (Chrono Boost)  
  63  15:18  Zealot x5  
  84  15:54  Nexus  
  70  16:34  Probe x2  
  72  16:46  Probe x2  
  74  16:53  Zealot x3  
  80  16:58  Probe  
  80  16:59  Probe  
  81  17:11  Probe x2  
  83  17:16  Probe  
  84  17:23  Probe x2  
  84  17:25  Cybernetics Core  
  84  17:26  Gateway  
  84  17:28  Probe  
  87  17:35  Assimilator  
  87  17:36  Assimilator  
  65  17:57  Nexus  
Tags
 
Add a new tag
Caveats
  • Supply blocks, unpowered buildings, or Contaminate may cause inaccurate times.
  • Supply counts are checked every 10 seconds.